AoeStats
← carreychang1205

Arabia

510365000Analyzed
1v1 RM · 20h ago on Sep 30, 2026· 17m 29s· 2 players
Game mode
Random Map
Map size
Tiny (2 player)
Population
200
Speed
Normal
Resources
Standard
Victory
Conquest
Starting age
Dark Age
Ending age
Imperial Age
RankedLock teamsTeams togetherTeam positionsShared explorationLock speedFull tech treeHidden civsTurbo modeCheats
Victory
Defeat
🇦🇷 Goths · Argentina
1038
+16
🇹🇼 Spanish · Taiwan
1037
-16
carreychang1205
8:57 Loom
11:06 Feudal Age
16:23 Castle Age
Cruzada
0:30 Loom
11:50 Feudal Age
11:54 Man-at-Arms
16:36 Double-Bit Axe
16:42 Horse Collar
Connection lost

Rejoining the realm…

Still unreachable

The connection could not be restored.

Session expired

The server has moved on; the page needs a fresh start.